 Dungeon Crawl Stone Soup version 0.26.0-57-g60708a5e39 (webtiles) character file.

Game seed: 1557200114835214709

70 Gadfly the Cudgeller (level 4, -8/44 HPs)
             Began as an Ogre Gladiator on Feb 2, 2021.
             Mangled by Sigmund
             ... wielding a +0 scythe
              (13 damage)
             ... on level 2 of the Dungeon.
             The game lasted 00:02:30 (1269 turns).

Gadfly the Cudgeller (Ogre Gladiator)               Turns: 1269, Time: 00:02:31

Health: -8/44      AC:  4    Str: 19    XL:     4   Next: 22%
Magic:  5/5        EV: 10    Int:  9    God:
Gold:   78         SH:  0    Dex: 10    Spells: 3/3 levels left

rFire    . . .     SeeInvis .   b - +3 short sword (vamp)
rCold    . . .     Faith    .   (no shield)
rNeg     . . .     Spirit   .   n - +1 robe
rPois    .         Reflect  .   c - +0 hat
rElec    .         Harm     .   (no cloak)
rCorr    .         Rampage  .   (gloves unavailable)
Will     .....                  (boots unavailable)
Stlth    +.........             (no amulet)
HPRegen  0.14/turn              (no ring)
MPRegen  0.09/turn              (no ring)

@: confused, hasted, very quick
A: large, unfitting armour, tough skin 1
a: no special abilities


You were on level 2 of the Dungeon.
You visited 1 branch of the dungeon, and saw 2 of its levels.

You collected 78 gold pieces.

Inventory:

Hand Weapons
 a - a +0 flail
 b - a +3 vampiric short sword (weapon)
 i - a +0 whip of holy wrath
Missiles
 d - 3 throwing nets
 j - 96 stones (quivered)
Armour
 c - a +0 hat (worn)
 n - a +1 robe (worn)
Scrolls
 f - 2 scrolls of enchant weapon
 h - a scroll of amnesia {unknown}
 l - a scroll of teleportation
Potions
 k - a potion of flight


   Skills:
 - Level 2.6 Fighting
 + Level 2.9 Maces & Flails
 + Level 2.4 Throwing
 * Level 1.1 Armour
 - Level 2.6 Dodging
 * Level 2.0 Invocations
 * Level 1.2 Evocations


You had 3 spell levels left.
You didn't know any spells.
Your spell library was empty.

Dungeon Overview and Level Annotations

Branches:
Dungeon (2/15)

Altars:
Makhleb

Annotations:
D:2 Sigmund


Innate Abilities, Weirdness & Mutations

You are too large for most types of armour.
You have tough skin. (AC +1)


Message History

You hit something.
You feel better.
You hear some strange, mumbled words.
You are confused.
Something completely misses you. Something hits you but does no damage.
You're too confused to move!
You feel less confused. Something hits you.
You barely miss something. Something hits you.
You miss something. Something hits you!
You miss something.
You hear some strange, mumbled words.
You are confused.
You hit something.
You feel better. Something hits you.
* * * LOW HITPOINT WARNING * * *
You feel yourself speed up.
You miss something. Something hits you.
* * * LOW HITPOINT WARNING * * *
You closely miss something. Something hits you!
You die...

#.# #............#.##.#
#[#
#####._..#........#####
#.# #....#.##..........
#.# #.............#####
#.##########.#.#...#####
#.........##.....#.....#
#..######.####.#...###.#
#.......##.####.......# #
#..........@....##.##.#
#...###...{........##.#
.........†.###...####.#.#
####........#............#
#.)......#.#...##.#####
#........# ##.###.##
##.......# #.##...##
#.......# #.......#
#.?.....# ####....#


There were no monsters in sight!

Vanquished Creatures
  Jessica (D:2)
  2 adders (D:2)
  An ooze (D:2)
  A worm (D:2)
  A dart slug (D:2)
  2 bats
  3 goblins
  4 hobgoblins
  3 kobolds
  4 rats
22 creatures vanquished.

Notes
Turn   | Place    | Note
-------+----------+-------------------------------------------
     0 | D:1      | Gadfly the Ogre Gladiator began the quest for the Orb.
     0 | D:1      | Reached XP level 1. HP: 22/22 MP: 1/1
   343 | D:1      | Reached XP level 2. HP: 27/29 MP: 2/2
   572 | D:2      | Reached skill level 1 in Invocations
   808 | D:2      | Found a burning altar of Makhleb.
   816 | D:2      | Reached XP level 3. HP: 16/36 MP: 2/4
  1065 | D:2      | Reached skill level 1 in Evocations
  1180 | D:2      | Noticed Jessica
  1189 | D:2      | Killed Jessica
  1190 | D:2      | Reached skill level 1 in Armour
  1190 | D:2      | Reached XP level 4. HP: 44/44 MP: 5/5
  1240 | D:2      | Noticed Sigmund
  1269 | D:2      | Mangled by Sigmund

Illustrated notes

Levels and vault maps discovered:
D:1:      wander_arrival_lonely_grave, layout_basic
D:2:      layout_loops_ring, bloody_makhleb, uniq_sigmund, uniq_jessica,
          uniq_terence

Skill      XL: |  1  2  3  4 |
---------------+-------------+-----
Invocations    | 1 2 |  2.0
Evocations     | 1 |  1.2
Armour         | 1 |  1.1
Fighting       | |  2.6
Maces & Flails | |  2.9
Throwing       | |  2.4
Dodging        | |  2.6

Action                   |  1- 3 |  4- 6 || total
-------------------------+-------+-------++-------
Melee: Short sword       |    56 |    20 ||    76
       Flail             |    12 |       ||    12
  Use: Scroll            |     4 |     1 ||     5
       Potion            |     1 |     1 ||     2
 Stab: Sleeping          |     1 |       ||     1
Armor: Robe              |    18 |     5 ||    23
Dodge: Dodged            |    44 |     8 ||    52
